 Dungeon Crawl Stone Soup version 0.18.1-6-gd335043 (webtiles) character file.

24 mopl the Sneak (level 2, -1/20 HPs)
             Began as a Vampire Transmuter on May 16, 2016.
             Slain by a hound (5 damage)
             ... on level 4 of the Dungeon.
             The game lasted 00:01:29 (1127 turns).

mopl the Sneak (Vampire Transmuter)                 Turns: 1127, Time: 00:01:31

Health: -1/20      AC:  2    Str:  9    XL:     2   Next: 79%
Magic:  1/5        EV: 12    Int: 15    God:
Gold:   12         SH:  0    Dex: 14    Spells: 2 memorised, 2 levels left

rFire  . . .     SeeInvis +     f - +0 dagger
rCold  + . .     Gourm    .     b - +0 robe
rNeg   + + .     Faith    .     (no shield)
rPois  +         Spirit   .     (no helmet)
rElec  .         Dismiss  +     (no cloak)
rCorr  .         Reflect  .     (no gloves)
SustAt .         Harm     .     (no boots)
MR     .....                    l - amulet of dismissal
Stlth  +++.......               (no ring)
                                (no ring)

@: regenerating slowly, not resistant to hostile enchantments, fairly stealthy
A: fangs 3, see invisible, unbreathing
a: no special abilities


You were on level 4 of the Dungeon.
You were thirsty.

You visited 1 branch of the dungeon, and saw 3 of its levels.

You collected 12 gold pieces.

Inventory:

Hand Weapons
 f - a +0 dagger (weapon)
Missiles
 a - 10 arrows
 e - 20 poisoned needles
Armour
 b - a +0 robe (worn)
 k - a cursed -2 leather armour
Jewellery
 l - an amulet of dismissal (around neck)
Scrolls
 h - a scroll of remove curse {unknown}
Potions
 d - a potion of blood
 g - a potion of haste {unknown}
 i - a potion of curing {unknown}
 j - a potion of invisibility {unknown}
 m - 2 potions of ambrosia {unknown}
Books
 c - a book of Changes

   Spells                             Type                      Level
   a - Beastly Appendage              Transmutation                1
   b - Sticks to Snakes               Transmutation                2
   c - Spider Form                    Transmutation/Poison         3
   d - Ice Form                       Ice/Transmutation            4
   e - Blade Hands                    Transmutation                5


   Skills:
 - Level 0.8 Fighting
 - Level 2.1 Dodging
 + Level 4.1 Stealth
 - Level 3.2 Unarmed Combat
 - Level 2.0 Spellcasting
 - Level 2.1 Transmutations


You had 2 spell levels left.
You knew the following spells:

 Your Spells              Type           Power        Failure   Level  Hunger
a - Beastly Appendage     Trmt           #.....       12%         1    #......
w - Sticks to Snakes      Trmt           #.......     14%         2    ###....


Dungeon Overview and Level Annotations

Branches:
Dungeon (2/15)

Altars:
Gozag


Innate Abilities, Weirdness & Mutations

You heal slowly.
You have razor-sharp teeth.
You have supernaturally acute eyesight.
You can survive without breathing.


Message History

Things that are here:
a jackal corpse x2
Found 6 gold pieces and a scroll labeled WEAMPU NUOLU.
Things that are here:
a jackal corpse x2
The hound completely misses you.
Cast which spell? (? or * to list)
You create a snake!
You now have 11 arrows.
The hound bites you.
You hit the hound but do no damage. The hound closely misses you.
Your ball python completely misses the hound.
Your ball python closely misses the hound.
The hound bites you.
* * * LOW HITPOINT WARNING * * *
You hit the hound but do no damage. The hound closely misses you.
Your ball python closely misses the hound.
Your ball python barely misses the hound.
Casting: Sticks to Snakes
Confirm with . or Enter, or press ? or * to list all spells.
You create a snake!
You now have 10 arrows.
The hound bites you.
You die...

... .......
.....#.. .......
..!... ###
....... .....
... ......###...
.... .........
.....
#...[..####...##
#...##S........#
#...Sh@........#
#...####........
#.......
##.......
#$$$...$.
....##.
#$_$.....# ....#
#$$$.....#
......
.........?.
...###.
.#..........
...# ..$#


You could see a hound and 2 friendly ball pythons.

Vanquished Creatures
  A giant gecko (D:1)
  A giant cockroach (D:1)
  5 goblins (D:1)
  3 hobgoblins (D:1)
  3 jackals (D:4)
  A ball python (D:2)
  4 kobolds (D:1)
  2 rats (D:1)
20 creatures vanquished.

Notes
Turn   | Place    | Note
--------------------------------------------------------------
     0 | D:1      | mopl the Vampire Transmuter began the quest for the Orb.
     0 | D:1      | Reached XP level 1. HP: 14/14 MP: 3/3
    36 | D:1      | Reached skill level 1 in Stealth
   136 | D:1      | Reached skill level 2 in Stealth
   221 | D:1      | Reached XP level 2. HP: 5/20 MP: 5/5
   468 | D:1      | Learned a level 2 spell: Sticks to Snakes
   533 | D:1      | Reached skill level 3 in Stealth
  1015 | D:2      | You fall through a shaft for 2 floors!
  1092 | D:4      | Found an opulent altar of Gozag.
  1100 | D:4      | Reached skill level 4 in Stealth
  1127 | D:4      | Slain by a hound

Skill      XL: |  1  2 |
---------------+-------+-----
Stealth        | 2 4 |  4.1
Fighting       | |  0.8
Dodging        | |  2.1
Unarmed Combat | |  3.2
Spellcasting   | |  2.0
Transmutations | |  2.1

Action                   || total
-------------------------++-------
Melee: Unarmed           ||    59
       Bite              ||     4
       Dagger            ||    26
 Cast: Sticks to Snakes  ||     2
 Stab: Sleeping          ||     3
Armor: Robe              ||    10
Dodge: Dodged            ||    53
